General information
- name: BNet
- type: Ladder team game (AT/RT)
- host: Battle.net
- saver: Bromeister
map: BloodstoneMesa
- players: 6
- length: 08:10
- speed: Fast
- version: 1.26 W3XP
- replay type: Public
» download(48 KB)
Players
team 1 (loser)

»
benladen (
purple | 109 APM | 769 actions | 07:03)
2 Demon Hunter
1 Evasion
1 Mana Burn
» actions
| Assign group hotkey | 8 | |
| Basic commands | 12 | |
| Build / train | 22 | |
| Enter build submenu | 8 | |
| Enter hero's abilities submenu | 2 | |
| Right click | 261 | |
| Select / deselect | 84 | |
| Select group hotkey | 351 | |
| Use ability | 21 | |
769 total
» units
» buildings
| Altar of Elders | 1 | |
| Moon Well | 3 | |
| Hunter's Hall | 1 | |
| Ancient of War | 1 | |
| Tree of Ages | 3 | |
| Ancient of Lore | 2 | |
11 total
» build order
00:11 Altar of Elders
00:17 Moon Well
01:56 Hunter's Hall
01:59 Ancient of War
02:12 Moon Well
02:59 Tree of Ages
03:00 Tree of Ages
04:48 Moon Well
05:55 Ancient of Lore
05:56 Ancient of Lore
JynxTheBunny (
green | 26 APM | 188 actions | 07:13)
1 Demon Hunter
1 Mana Burn
» actions
| Assign group hotkey | 9 | |
| Basic commands | 19 | |
| Build / train | 23 | |
| Enter build submenu | 7 | |
| Enter hero's abilities submenu | 1 | |
| Right click | 57 | |
| Select / deselect | 45 | |
| Select group hotkey | 14 | |
| Use ability | 13 | |
188 total
» units
» buildings
| Altar of Elders | 1 | |
| Moon Well | 4 | |
| Ancient of War | 1 | |
| Tree of Ages | 1 | |
| Hunter's Hall | 1 | |
8 total
» build order
00:12 Altar of Elders
00:22 Moon Well
00:40 Ancient of War
01:29 Moon Well
02:02 Moon Well
03:25 Moon Well
05:40 Tree of Ages
06:32 Hunter's Hall

»
adasasa (
yellow | 40 APM | 328 actions | 08:08)
2 Mountain King
1 Storm Bolt
1 Thunder Clap
» actions
| Basic commands | 53 | |
| Build / train | 26 | |
| Enter build submenu | 11 | |
| Enter hero's abilities submenu | 2 | |
| Right click | 74 | |
| Select / deselect | 143 | |
| Use ability | 19 | |
328 total
» units
» upgrades
» buildings
| Altar of Kings | 1 | |
| Farm | 4 | |
| Barracks | 2 | |
| Scout Tower | 2 | |
| Arcane Tower | 2 | |
| Lumber Mill | 1 | |
12 total
» build order
00:12 Altar of Kings
00:18 Farm
00:51 Barracks
01:08 Farm
01:38 Scout Tower
02:05 Arcane Tower
02:11 Farm
02:23 Scout Tower
03:08 Arcane Tower
03:53 Barracks
04:28 Lumber Mill
04:36 Farm
team 2 (winner)
Bromeister (
blue | 102 APM | 836 actions | 08:10)
2 Shadow Hunter
1 Serpent Ward
1 Healing Wave
» actions
| Assign group hotkey | 2 | |
| Basic commands | 2 | |
| Build / train | 22 | |
| Enter build submenu | 28 | |
| Enter hero's abilities submenu | 2 | |
| Remove unit from queue | 5 | |
| Right click | 544 | |
| Select / deselect | 100 | |
| Select group hotkey | 79 | |
| Use ability | 52 | |
836 total
» units
» upgrades
» buildings
| War Mill | 1 | |
| Orc Burrow | 1 | |
| Watch Tower | 18 | |
| Altar of Storms | 1 | |
| Voodoo Lounge | 1 | |
| Stronghold | 2 | |
24 total
» build order
00:11 War Mill
00:56 Orc Burrow
01:27 Watch Tower
01:38 Watch Tower
02:12 Altar of Storms
02:32 Watch Tower
02:48 Watch Tower
02:56 Watch Tower
03:12 Voodoo Lounge
03:43 Watch Tower
03:49 Watch Tower
03:58 Watch Tower
04:40 Watch Tower
05:06 Watch Tower
05:15 Watch Tower
05:24 Watch Tower
05:34 Watch Tower
05:38 Watch Tower
05:39 Watch Tower
06:07 Watch Tower
06:12 Watch Tower
06:41 Stronghold
06:41 Stronghold
07:06 Watch Tower
» items
| Healing Salve | 3 | |
| Lesser Clarity Potion | 2 | |
| Scroll of Speed | 2 | |
7 total
myudoicp (
teal | 49 APM | 402 actions | 08:09)
2 Keeper of the Grove
1 Entangling Roots
1 Thorns Aura
» actions
| Assign group hotkey | 13 | |
| Basic commands | 13 | |
| Build / train | 32 | |
| Enter build submenu | 11 | |
| Enter hero's abilities submenu | 2 | |
| Right click | 183 | |
| Select / deselect | 67 | |
| Select group hotkey | 52 | |
| Use ability | 29 | |
402 total
» units
» upgrades
| Ultravision | 1 | |
| Strength of the Moon | 1 | |
| Improved Bows | 1 | |
3 total
» buildings
| Moon Well | 4 | |
| Altar of Elders | 1 | |
| Ancient of War | 3 | |
| Hunter's Hall | 1 | |
| Tree of Ages | 1 | |
10 total
» build order
00:15 Moon Well
01:10 Altar of Elders
01:21 Ancient of War
01:23 Ancient of War
01:29 Ancient of War
01:48 Moon Well
02:10 Moon Well
03:03 Hunter's Hall
05:34 Tree of Ages
07:09 Moon Well
» items
| Lesser Clarity Potion | 3 | |
| Healing Salve | 1 | |
| Scroll of Speed | 1 | |
5 total

»
b0p. (
pink | 75 APM | 610 actions | 08:09)
2 Blood Mage
1 Flame Strike
1 Siphon Mana
» actions
| Assign group hotkey | 18 | |
| Basic commands | 59 | |
| Build / train | 29 | |
| Enter build submenu | 10 | |
| Enter hero's abilities submenu | 2 | |
| Right click | 307 | |
| Select / deselect | 103 | |
| Select group hotkey | 59 | |
| Use ability | 23 | |
610 total
» units
» upgrades
» buildings
| Altar of Kings | 1 | |
| Farm | 5 | |
| Barracks | 2 | |
| Arcane Vault | 1 | |
9 total
» build order
00:08 Altar of Kings
00:13 Farm
00:16 Barracks
00:49 Farm
01:54 Farm
02:10 Arcane Vault
02:37 Farm
04:33 Barracks
04:36 Farm
» items
| Lesser Clarity Potion | 2 | |
| Healing Salve | 1 | |
3 total
Chat log
(00:06 / Allies) b0p.: fuck i hate hu
(00:16 / Allies) Bromeister: mass foots
(00:17 / Allies) Bromeister: with defend
(00:26 / Allies) b0p.: will do
(00:27 / Allies) Bromeister: here is the chokepoint
(00:29 / Allies) Bromeister: rally here
(00:32 / Allies) Bromeister: im pro
(00:36 / Allies) myudoicp: i go archer, talon chims
(00:38 / Allies) b0p.: what hero should i get?
(00:41 / Allies) Bromeister: mass archers with kotg
(00:41 / Allies) b0p.: mk for sdtun ?
(00:47 / Allies) Bromeister: go flame strike
(00:55 / Allies) b0p.: kk
(01:15 / Allies) myudoicp: dual rax here
(01:18 / Allies) Bromeister: good shit
(01:35 / All) Bromeister: calvin harris - you used to hold me
(01:41 / All) Bromeister: fucking crazy good song
(01:49 / All) Bromeister: just came on my pandora lol
(02:01 / All) Bromeister: what about his other single
(02:17 / Allies) Bromeister: wood
(02:19 / Allies) b0p.: where do i meet?
(02:21 / Allies) Bromeister: iuf possible
(02:37 / Allies) Bromeister: LOL
(02:49 / All) Bromeister: FUCKER
(03:01 / All) Bromeister: hella micro
(03:03 / All) Bromeister: lol
(03:08 / Allies) Bromeister: gold
(03:20 / Allies) Bromeister: did u see that
(03:28 / Allies) Bromeister: no peons were harmed
(03:29 / Allies) Bromeister: lol
(03:33 / Allies) Bromeister: dh
(03:34 / Allies) Bromeister: dh
(03:37 / Allies) Bromeister: dh
(03:38 / Allies) Bromeister: plz
(03:39 / Allies) Bromeister: dh
(04:06 / All) Bromeister: LOL
(04:08 / All) Bromeister: was that worth it
(04:10 / All) Bromeister: one peon
(04:15 / Allies) Bromeister: entangle
(04:31 / All) JynxTheBunny: yellow is worthless
(04:35 / All) Bromeister: im just pro
(04:37 / All) Bromeister: dont worry
(04:39 / All) JynxTheBunny: HA
(04:41 / All) JynxTheBunny: yeah dude
(04:46 / All) JynxTheBunny: tower away man
(04:59 / Allies) Bromeister: i told u bop
(05:11 / Allies) Bromeister: flame strike
(05:15 / Allies) b0p.: mana
(06:32 / All) Bromeister: DIE
(06:33 / Allies) myudoicp: HEAL YOUR FOOTS
(06:33 / All) Bromeister: LOL
(06:44 / All) benladen: yellow so idiot
(06:45 / Allies) Bromeister: i'll heal
(06:45 / Allies) b0p.: sorry dude wasnt looking
(07:06 / All) Bromeister: LOL
(07:07 / All) Bromeister: GG
(07:14 / All) Bromeister: THIS IS THE NRO
(07:17 / All) Bromeister: MY FRIEND
(07:25 / All) Bromeister: b0p. is in NRO
(07:26 / Allies) b0p.: i hate human so much
(07:31 / All) Bromeister: guys come to channel NRO
(07:32 / All) Bromeister: to learn more